AoeStats
← Thomas Sankara

Four Lakes

509966800Analyzed
1v1 RM · 2d ago on Sep 28, 2026· 43m 10s· 2 players
Game mode
Random Map
Map size
Tiny (2 player)
Population
200
Speed
Normal
Resources
Standard
Victory
Conquest
Starting age
Dark Age
Ending age
Imperial Age
RankedLock teamsTeams togetherTeam positionsShared explorationLock speedFull tech treeHidden civsTurbo modeCheats
Victory
Defeat
🇪🇸 Celts · Spain
1999
+14
🇸🇪 Magyars · Sweden
1950
-14
Jonah_
5:54 Loom
8:48 Feudal Age
9:25 Double-Bit Axe
11:25 Fletching
21:34 Castle Age
19:47 Horse Collar
21:46 Bloodlines
21:43 Scale Barding Armor
22:43 Chain Barding Armor
23:11 Bow Saw
23:10 Husbandry
24:04 Fishing Lines
28:49 Devotion
32:44 Sanctity
33:08 Wheelbarrow
32:18 Town Watch
34:23 Bodkin Arrow
35:47 Fervor
38:26 Wheelbarrow
38:38 Ballistics
40:27 Wheelbarrow
39:38 Town Watch
41:36 Wheelbarrow
41:34 Medium Warships
Thomas Sankara
8:37 Loom
11:09 Feudal Age
13:37 Town Watch
16:09 Castle Age
14:57 Double-Bit Axe
16:24 Fletching
21:23 Bow Saw
22:45 Fishing Lines
23:58 Pikeman
26:52 Forging
29:03 Iron Casting
29:03 Scale Mail Armor
36:57 Imperial Age
35:04 Ballistics
35:12 Bodkin Arrow
37:54 Wheelbarrow
40:19 Chemistry
41:51 Conscription
42:16 Hand Cart
42:03 Heavy Scorpion
43:44 Furor Celtica
Connection lost

Rejoining the realm…

Still unreachable

The connection could not be restored.

Session expired

The server has moved on; the page needs a fresh start.